 Dungeon Crawl Stone Soup version 0.26.0-16-gc1dbca0489 (webtiles) character file.

Game seed: 14925045571293251162

160 EnegeticOcto the Sneak (level 5, 0/32 HPs)
             Began as a Kobold Air Elementalist on Jan 20, 2021.
             Killed by divine providence
             ... invoked by an orc priest
              (13 damage)
             ... on level 4 of the Dungeon.
             The game lasted 00:05:34 (3862 turns).

EnegeticOcto the Sneak (Kobold Air Elementalist)    Turns: 3862, Time: 00:05:35

Health: 0/32       AC:  3    Str:  5    XL:     5   Next: 69%
Magic:  2/8        EV: 15    Int: 18    God:
Gold:   112        SH:  0    Dex: 15    Spells: 2/8 levels left

rFire    . . .     SeeInvis .   b - -1 spear (curse)
rCold    . . .     Faith    .   (shield restricted)
rNeg     . . .     Spirit   .   a - +0 robe
rPois    .         Reflect  .   (no helmet)
rElec    .         Harm     .   (no cloak)
rCorr    .         Rampage  .   e - +0 pair of gloves
Will     .....                  (no boots)
Stlth    ++++......             (no amulet)
HPRegen  0.10/turn              (no ring)
MPRegen  0.11/turn              (no ring)

@: no status effects
A: small, nightstalker 3
a: no special abilities


You were on level 4 of the Dungeon.
You visited 1 branch of the dungeon, and saw 4 of its levels.

You collected 112 gold pieces.

Inventory:

Hand Weapons
 b - a cursed -1 spear (weapon)
   (You found it on level 1 of the Dungeon)
 l - a +0 dagger of venom
   (You took it off a goblin on level 3 of the Dungeon)
Missiles
 k - 3 boomerangs
Armour
 a - a +0 robe (worn)
 e - a +0 pair of gloves (worn)
   (You found it on level 1 of the Dungeon)
Potions
 f - a potion of cancellation
 g - a potion of curing {@q1 !q}
 h - a potion of ambrosia {unknown}
 i - a potion of invisibility {unknown}
 j - a potion of lignification {unknown}


   Skills:
 + Level 2.9 Fighting
 - Level 2.4 Dodging
 - Level 5.0 Stealth
 - Level 2.1 Spellcasting
 - Level 3.0 Conjurations
 - Level 3.0 Air Magic


You had 2 spell levels left.
You knew the following spells:

 Your Spells              Type           Power        Failure   Level
b - Shock                 Conj/Air       48%          5%          1
c - Static Discharge      Conj/Air       12%          16%         3
V - Swiftness             Air            12%          8%          2

Your spell library contained the following spells:

 Spells                   Type           Power        Failure   Level
 Airstrike                Air            6%           45%         4
 Lightning Bolt           Conj/Air       6%           82%         5


Dungeon Overview and Level Annotations

Branches:
Dungeon (4/15)
 Temple: D:4-7

Altars:

Annotations:
D:2 Natasha


Innate Abilities, Weirdness & Mutations

You are small and have problems with some larger weapons.
You are completely attuned to the shadows.


Message History

Where to? (Enter - D:3, ? - help)
You see here an adder corpse.
You see here a jackal skeleton.
Things that are here:
a +0 whip; 26 stones; a kobold skeleton
There is a stone staircase leading down here.
You climb downwards.
An adder comes into view.
Found a stone staircase leading down.
There is a stone staircase leading up here.
Aiming: Shock (safe; 5% risk of failure)
Press: ? - help, Q - select action, (/) - cycle Shift-Dir - straight line, f - adder
Aim: an adder (asleep, 0% to evade)
The zap hits the adder.
The adder is moderately wounded.
The adder hisses angrily.
Aiming: Shock (safe; 5% risk of failure)
Press: ? - help, Q - select action, (/) - cycle Shift-Dir - straight line, f/p - adder
Aim: an adder (moderately wounded, 52% to evade)
The zap hits the adder.
The adder is almost dead.
Aiming: Shock (safe; 5% risk of failure)
Press: ? - help, Q - select action, (/) - cycle Shift-Dir - straight line, f/p - adder
Aim: an adder (almost dead, 52% to evade)
The zap hits the adder.
You kill the adder!
Magic restored.
You see here an adder corpse.
An orc priest comes into view. It is wielding a +0 hand axe.
An orc priest is nearby!
An orc wizard comes into view. It is wielding a +0 dagger.
The orc wizard shouts!
You hear a shout! x2
Casting: Shock (safe; 5% risk of failure)
Confirm with . or Enter, or press ? or * to list all spells.
Aiming: Shock (safe; 5% risk of failure)
Press: ? - help, Shift-Dir - straight line, f - orc wizard
Aim: an orc wizard, wielding a +0 dagger and wearing a cursed +0 robe (40% to evade)
The zap hits the orc priest.
The orc priest is lightly wounded.
The orc priest shouts!
The zap misses the orc wizard.
You hear a shout!
An orc priest comes into view. It is wielding a +0 whip of venom.
Casting: Shock (safe; 5% risk of failure)
Confirm with . or Enter, or press ? or * to list all spells.
Aiming: Shock (safe; 5% risk of failure)
Press: ? - help, Shift-Dir - straight line, f - orc priest, p - orc wizard
Aim: an orc priest, wielding a +0 whip of venom and wearing a +0 scale mail (28% to evade)
The zap hits the orc wizard.
The orc wizard is lightly wounded.
The zap hits the orc priest.
The orc priest is moderately wounded.
The zap misses the orc priest.
The orc priest calls down the wrath of Beogh upon you.
Beogh smites you!
Casting: Shock (safe; 5% risk of failure)
Confirm with . or Enter, or press ? or * to list all spells.
Aiming: Shock (safe; 5% risk of failure)
Press: ? - help, Shift-Dir - straight line, f/p - orc priest
Aim: an orc priest, wielding a +0 whip of venom and wearing a +0 scale mail (28% to evade)
The zap hits the orc wizard but does no damage.
The orc wizard is lightly wounded.
The zap hits the orc priest.
The orc priest is heavily wounded.
The zap hits the orc priest.
The orc priest is lightly wounded.
Casting: Shock (safe; 5% risk of failure)
Confirm with . or Enter, or press ? or * to list all spells.
Aiming: Shock (safe; 5% risk of failure)
Press: ? - help, Shift-Dir - straight line, f/p - orc priest
Aim: an orc priest, wielding a +0 whip of venom and wearing a +0 scale mail (lightly wounded, 28% to evade)
The zap hits the orc wizard.
The orc wizard is heavily wounded.
The zap hits the orc priest.
The orc priest is severely wounded.
The zap hits the orc priest.
The orc priest is moderately wounded.
The orc priest calls down the wrath of Beogh upon you.
Beogh smites you!
Casting: Shock (safe; 5% risk of failure)
Confirm with . or Enter, or press ? or * to list all spells.
Aiming: Shock (safe; 5% risk of failure)
Press: ? - help, Shift-Dir - straight line, f/p - orc priest
Aim: an orc priest, wielding a +0 whip of venom and wearing a +0 scale mail (moderately wounded, 28% to evade)
The zap misses the orc priest.
The zap hits the orc priest.
The orc priest is heavily wounded.
The orc priest looks braver for a moment.
The orc wizard closely misses you.
Casting: Shock (safe; 5% risk of failure)
Confirm with . or Enter, or press ? or * to list all spells.
Aiming: Shock (safe; 5% risk of failure)
Press: ? - help, Shift-Dir - straight line, f/p - orc priest
Aim: an orc priest, wielding a +0 whip of venom and wearing a +0 scale mail (heavily wounded, 28% to evade)
The zap hits the orc priest.
You kill the orc priest!
The zap hits the orc priest.
The orc priest is severely wounded.
The orc priest invokes the aid of Beogh against you.
Beogh smites you!
You die...

#. #.#
#.#
##.######
#>.†<....
#..######
#..#
###..#
#...@#
#.##o).o.
#. #####.
#. #.


You could see an orc priest and an orc wizard.

Vanquished Creatures
  An orc priest (D:4)
  7 adders
  A worm (D:2)
  2 dart slugs
  2 leopard geckos
  5 orcs (D:3)
  6 giant cockroaches
  4 goblins
  8 hobgoblins
  12 jackals (D:3)
  2 quokkas (D:3)
  A ball python (D:3)
  10 bats
  4 frilled lizards
  6 kobolds
  10 rats
81 creatures vanquished.

Notes
Turn   | Place    | Note
-------+----------+-------------------------------------------
     0 | D:1      | EnegeticOcto the Kobold Air Elementalist began the quest
                  | for the Orb.
     0 | D:1      | Reached XP level 1. HP: 10/10 MP: 3/3
   102 | D:1      | Reached skill level 3 in Stealth
   198 | D:1      | Reached XP level 2. HP: 15/15 MP: 1/5
   266 | D:1      | Learned a level 2 spell: Swiftness
   411 | D:1      | Reached skill level 2 in Conjurations
   770 | D:2      | Reached XP level 3. HP: 15/19 MP: 1/6
  1172 | D:2      | Reached skill level 3 in Conjurations
  1471 | D:2      | Noticed Natasha
  1716 | D:2      | Reached XP level 4. HP: 24/24 MP: 2/7
  1993 | D:2      | Reached skill level 1 in Fighting
  2167 | D:2      | Learned a level 3 spell: Static Discharge
  2426 | D:3      | Reached skill level 4 in Stealth
  2792 | D:3      | Reached skill level 2 in Fighting
  2877 | D:3      | Reached XP level 5. HP: 30/30 MP: 3/8
  3132 | D:3      | Reached skill level 5 in Stealth
  3862 | D:4      | Killed from afar by an orc priest

Illustrated notes

Levels and vault maps discovered:
D:1:      ncdulo_lavacross, layout_basic
D:2:      layout_loops_ring, minivault_19, uniq_natasha
D:3:      layout_rooms, portal_sewer_entry_d, minmay_surrounded
D:4:      layout_loops_ring, kennysheep_ying_yang, uniq_menkaure

Skill      XL: |  1  2  3  4  5 |
---------------+----------------+-----
Stealth        | 3 4 5 |  5.0
Conjurations   | 2 3 |  3.0
Fighting       | 2 |  2.9
Dodging        | |  2.4
Spellcasting   | |  2.1
Air Magic      | |  3.0

Action                   |  1- 3 |  4- 6 || total
-------------------------+-------+-------++-------
Melee: Spear             |     4 |    35 ||    39
 Cast: Shock             |    69 |   125 ||   194
  Use: Scroll            |       |     4 ||     4
Armor: Robe              |     9 |    14 ||    23
Dodge: Dodged            |    37 |    65 ||   102
